 Dungeon Crawl Stone Soup version 0.20.1-1-g8b1a95d (webtiles) character file.

415 DaVinciCode the Chopper (level 6, 0/84 HPs)
             Began as a Minotaur Berserker on Dec 31, 2017.
             Was a Priest of Trog.
             Succumbed to an orc's poison
             ... on level 4 of the Dungeon.
             The game lasted 00:30:44 (2855 turns).

DaVinciCode the Chopper (Minotaur Berserker)        Turns: 2855, Time: 00:30:44

Health: 0/84       AC:  9    Str: 28    XL:     6   Next: 60%
Magic:  5/5        EV:  9    Int:  4    God:    Trog [***...]
Gold:   92         SH:  0    Dex: 10    Spells: 5/5 levels left

rFire    . . .     SeeInvis .   a - +0 hand axe
rCold    . . .     Gourm    .   (no shield)
rNeg     . . .     Faith    .   j - +0 chain mail
rPois    .         Spirit   .   (helmet restricted)
rElec    .         Reflect  .   (no cloak)
rCorr    .         Harm     .   (no gloves)
MR       .....                  (no boots)
Stlth    ..........             (no amulet)
Regen    0.3/turn               (no ring)
MPRegen  0.1/turn               (no ring)

@: mighty, berserking (expiring), lethally poisoned (0 -> -11), very quick
A: retaliatory headbutt, horns 2
a: Berserk, Trog's Hand, Burn Spellbooks, Renounce Religion


You were on level 4 of the Dungeon.
You worshipped Trog.
Trog was most pleased with you.
You were not hungry.

You visited 1 branch of the dungeon, and saw 4 of its levels.

You collected 92 gold pieces.

Inventory:

Hand Weapons
 a - a +0 hand axe (weapon)
 m - a +0 club
 t - a +0 club
Missiles
 o - 101 stones (quivered)
Armour
 b - a +0 animal skin
 j - a +0 chain mail (worn)
 y - a +0 scale mail
Jewellery
 e - an uncursed ring of fire {unknown}
 i - an uncursed ring of protection from cold {unknown}
Wands
 x - a wand of flame (19/48)
 z - a wand of iceblast (5/15)
Scrolls
 d - 3 scrolls of remove curse {unknown}
 f - a scroll of magic mapping {unknown}
 h - a scroll of enchant armour {unknown}
 l - 2 scrolls of identify {unknown}
 n - a scroll of recharging {unknown}
 s - a scroll of amnesia {unknown}
 w - 2 scrolls of teleportation {unknown}
Potions
 g - 2 potions of haste {unknown}
 k - 2 potions of flight {unknown}
 q - a potion of might
 r - a potion of cancellation {unknown}
 u - a potion of ambrosia {unknown}
 v - a potion of mutation {unknown}
 B - a potion of lignification {unknown}
 C - a potion of curing {unknown}
 D - a potion of brilliance {unknown}
Comestibles
 c - 2 royal jellies
 p - 2 meat rations
 A - a bread ration


   Skills:
 + Level 5.5 Fighting
 + Level 6.4 Axes
 + Level 4.6 Armour
 + Level 3.0 Dodging
 + Level 0.1 Stealth


You had 5 spell levels left.
You didn't know any spells.

Dungeon Overview and Level Annotations

Branches:
Dungeon (4/15)
 Temple: D:4-7

Altars:
Cheibriados
Elyvilon
Qazlal
Trog
The Shining One


Innate Abilities, Weirdness & Mutations

You reflexively headbutt those who attack you in melee.
You have a pair of horns on your head.


Message History

You slash something! Trog accepts your kill.
Trog appreciates your killing of a magic user.
Reactivating autopickup.
You feel a bit more experienced.
* * * LOW HITPOINT WARNING * * *
You feel sick.
You are too berserk!
You are too berserk!
You are too berserk!
You are too berserk!
You eat the chunk of flesh.
This raw flesh tastes terrible.
* * * LOW HITPOINT WARNING * * *
You feel sick.
You are too berserk!
You are too berserk!
You are too berserk!
You are too berserk!
You feel a strong urge to attack something.
You die...

.... ## #... ..##..>
....... ..... #... ###
##...####.######
#..<.(.'.......#
#....@)#.......#
#....).#.......+
##...))##....#########
#.....##....###.....#
..............#........
...............#...)....
...............'........
..#............#........
###.....###.)..##......#


There were no monsters in sight!

Vanquished Creatures
  A phantom (D:3)
  The ghost of simples the Conjurer, an amateur DrCj (D:3)
  An orc priest (D:4)
  A bullfrog skeleton (D:4)
  An orc wizard (D:4)
  A worker ant (D:4)
  5 adders
  An adder skeleton (D:4)
  5 worms
  A dart slug (D:1)
  3 leopard geckos
  6 orcs
  10 bats
  A giant cockroach (D:2)
  6 goblins
  7 hobgoblins
  4 jackals (D:3)
  6 kobolds
  A quokka (D:2)
  5 frilled lizards
  7 rats
74 creatures vanquished.

Vanquished Creatures (others)
  An ooze (D:2)
  A bat (D:2)
2 creatures vanquished.

Grand Total: 76 creatures vanquished

Notes
Turn   | Place    | Note
-------+----------+-------------------------------------------
     0 | D:1      | DaVinciCode the Minotaur Berserker began the quest for the Orb.
     0 | D:1      | Reached XP level 1. HP: 19/19 MP: 0/0
   445 | D:1      | Reached XP level 2. HP: 27/27 MP: 1/1
   458 | D:1      | Reached skill level 4 in Axes
   943 | D:2      | Found a white marble altar of Elyvilon.
  1028 | D:2      | Reached XP level 3. HP: 9/33 MP: 2/2
  1800 | D:2      | Found a glowing golden altar of the Shining One.
  1802 | D:2      | Found a stormy altar of Qazlal.
  1802 | D:2      | Found a bloodstained altar of Trog.
  1803 | D:2      | Found a snail-covered altar of Cheibriados.
  1813 | D:2      | Reached ** piety under Trog
  1918 | D:3      | Reached XP level 4. HP: 40/41 MP: 3/3
  2017 | D:3      | Noticed a phantom
  2065 | D:3      | Killed a phantom
  2065 | D:3      | Reached skill level 5 in Fighting
  2065 | D:3      | Reached skill level 5 in Axes
  2065 | D:3      | Reached XP level 5. HP: 31/48 MP: 4/4
  2176 | D:3      | Noticed simples's ghost (amateur DrCj)
  2195 | D:3      | Killed simples's ghost
  2195 | D:3      | Reached XP level 6. HP: 27/56 MP: 5/5
  2701 | D:4      | Reached skill level 6 in Axes
  2742 | D:4      | Reached *** piety under Trog
  2850 | D:4      | HP: 4/84 [poisoned by an orc]
  2853 | D:4      | HP: 1/84 [poisoned by an orc]
  2855 | D:4      | Succumbed to an orc's poison

Skill      XL: |  1  2  3  4  5  6 |
---------------+-------------------+-----
Axes           | 4 5 6 |  6.4
Fighting       | 4 5 |  5.5
Armour         | 3 4 |  4.6
Dodging        | 3 |  3.0
Stealth        | |  0.1

Action                   |  1- 3 |  4- 6 || total
-------------------------+-------+-------++-------
Melee: Hand axe          |    91 |   116 ||   207
       Headbutt          |    10 |    18 ||    28
Invok: Berserk           |       |     2 ||     2
       Burn Spellbooks   |       |     1 ||     1
  Use: Potion            |       |     1 ||     1
  Eat: Bread ration      |     1 |       ||     1
       Chunk             |       |     4 ||     4
Armor: Animal skin       |     7 |       ||     7
       Chain mail        |    59 |    93 ||   152
Dodge: Dodged            |    62 |    59 ||   121
